 Dungeon Crawl Stone Soup version 0.21.0-3-g78d12a8 (webtiles) character file.

53 letownia2 the Ruffian (level 3, -9/23 HPs)
             Began as a Gargoyle Fighter on Jan 8, 2018.
             Mangled by no0bjke's ghost (11 damage)
             ... on level 3 of the Dungeon.
             The game lasted 00:02:21 (1476 turns).

letownia2 the Ruffian (Gargoyle Fighter)            Turns: 1476, Time: 00:02:22

Health: -9/23      AC: 11    Str: 19    XL:     3   Next: 89%
Magic:  3/3        EV:  9    Int:  9    God:
Gold:   98         SH:  0    Dex:  9    Spells: 2/2 levels left

rFire    . . .     SeeInvis .     - Unarmed
rCold    . . .     Gourm    .   (no shield)
rNeg     + . .     Faith    .   a - +0 scale mail
rPois    ∞         Spirit   .   (no helmet)
rElec    +         Reflect  .   (no cloak)
rCorr    .         Harm     .   e - +0 pair of gloves
MR       .....                  (no boots)
Stlth    ..........             (no amulet)
HPRegen  0.07/turn              (no ring)
MPRegen  0.08/turn              (no ring)

@: slowed, very slow
A: negative energy resistance 1, electricity resistance, unbreathing,
petrification resistance, rot immunity, AC +3
a: no special abilities


You were on level 3 of the Dungeon.
You were not hungry.

You visited 1 branch of the dungeon, and saw 3 of its levels.

You collected 98 gold pieces.

Inventory:

Armour
 a - a +0 scale mail (worn)
 b - a +0 shield
 e - a +0 pair of gloves (worn)
 i - a +4 ring mail of cold resistance
 k - a scarf of repulsion
Scrolls
 f - a scroll of noise {unknown}
 h - a scroll of remove curse {unknown}
 j - a scroll of brand weapon {unknown}
Potions
 c - a potion of might
 g - 2 potions of curing {unknown}
Comestibles
 d - 2 rations


   Skills:
 - Level 3.2 Fighting
 - Level 3.2 Armour
 - Level 3.2 Shields
 + Level 4.1 Unarmed Combat


You had 2 spell levels left.
You didn't know any spells.

Dungeon Overview and Level Annotations

Branches:
Dungeon (3/15)

Altars:
Yredelemnul

Annotations:
D:3 no0bjke's ghost, amateur GrFi


Innate Abilities, Weirdness & Mutations

You are resistant to torment.
Your stone body is resilient. (AC +3)
You are immune to poison.
You resist negative energy. (rN+)
You are resistant to electric shocks. (rElec)
You can survive without breathing.
You are immune to petrification.
You are immune to rotting.


Message History

* * * LOW HITPOINT WARNING * * *
The orc wizard gestures at you while chanting.
The magic dart hits you!
* * * LOW HITPOINT WARNING * * *
You see here 19 arrows.
No0bjke's ghost hits you.
* * * LOW HITPOINT WARNING * * *
Unknown command.
The orc wizard barely misses you.
The orc wizard hits you but does no damage.
The orc wizard casts a spell at you.
You feel yourself slow down. The goblin hits you but does no damage.
The orc wizard gestures wildly while chanting.
The orc wizard seems to speed up.
The orc wizard casts a spell.
The orc wizard flickers and vanishes!
The goblin barely misses you.
The orc wizard casts a spell.
The orc wizard blinks!
No0bjke's ghost hits you!
You die...

.......#####. #.. ............
... ...........# #.g
.)........#############.#
..........................# ..
##.## #....................# ...
##...###....................# ...
.........÷...)..g...........#
..####.####.....@gg...o.........#
#.##.....##......Wo.............#
#.#.......#..#.....l.{...(......#
h.#.......#K.#####.§....#########
......_.....g# #......#
..#.......#.## #......#
.g#.......#.# ########
..##.....##W# ..####.####.#


You could see no0bjke's ghost, 2 gnolls, 2 orcs, a goblin, a kobold (wandering)
and a frilled lizard.

Vanquished Creatures
  An orc wizard (D:3)
  An adder (D:3)
  3 orcs (D:2)
  2 giant cockroaches (D:2)
  2 goblins
  2 hobgoblins (D:2)
  A bat (D:1)
  A frilled lizard (D:2)
  A kobold (D:1)
14 creatures vanquished.

Notes
Turn   | Place    | Note
-------+----------+-------------------------------------------
     0 | D:1      | letownia2 the Gargoyle Fighter began the quest for the Orb.
     0 | D:1      | Reached XP level 1. HP: 14/14 MP: 1/1
   557 | D:3      | Noticed an orc wizard
   578 | D:2      | Reached XP level 2. HP: 6/19 MP: 2/2
   813 | D:2      | Reached skill level 3 in Unarmed Combat
  1312 | D:3      | Reached XP level 3. HP: 13/23 MP: 3/3
  1318 | D:3      | Reached skill level 4 in Unarmed Combat
  1392 | D:3      | Noticed no0bjke's ghost (amateur GrFi)
  1395 | D:3      | Found a basalt altar of Yredelemnul.
  1468 | D:3      | HP: 1/23 [no0bjke's ghost (1)]
  1476 | D:3      | Mangled by no0bjke's ghost

Skill      XL: |  1  2  3 |
---------------+----------+-----
Unarmed Combat | 3 4 |  4.1
Fighting       | |  3.2
Armour         | |  3.2
Shields        | |  3.2

Action                   || total
-------------------------++-------
Melee: Unarmed           ||    91
       Punch             ||     3
  Eat: Chunk             ||     2
Armor: Scale mail        ||    86
Dodge: Dodged            ||    72
